[Event "*** Titled Tuesday Blitz"]
[Site "Chess.com"]
[Date "2020.04.21"]
[Round "4"]
[White "gvanna"]
[Black "violetflower04"]
[Result "1-0"]
[WhiteElo "2450"]
[BlackElo "2245"]
[TimeControl "180+1"]
[EndTime "10:39:54 PDT"]
[Termination "gvanna won by checkmate"]

1. e4 c5 2. Nf3 Nc6 3. d4 cxd4 4. Nxd4 Nf6 5. Nc3 e6 6. Nxc6 bxc6 7. Bd3 d5 8. O-O Be7 9. Qe2 O-O 10. Rd1 d4 11.
Nb1 e5 12. Nd2 Bg4 13. f3 Be6 14. Nc4 Qc7 15. Bd2 Rab8 16. Rab1 Nd7 17. b3 Nc5 18. Qf2 Nxd3 19. cxd3 Bb4 20. Rdc1 Rfc8 21. Qe1 Bxd2 22. Qxd2 Rb5 23. Rc2 Rcb8 24. Rbc1 c5 25. Nb2 Kf8 26. Na4 Rc8 27. Rxc5 Rxc5 28. Rxc5 Qb8 29. Qa5 Ke7 30. Rxc8 Bxc8 31. Qc5+ Kf6 32. Nb2 Be6 33. f4 exf4 34.
Qxd4+ Kg6 35. Kf2 f3 36. g3 Qc7 37. Nc4 Bxc4 38. Qxc4 Qa5 39. Kxf3 Qd2 40. e5 Qd1+ 41. Ke4 Qg4+ 42. Ke3 Qg5+ 43. Qf4 Qh5 44. h4 Qd1 45.
Qg5# 1-0

[Event "*** Titled Tuesday Blitz"]
[Site "Chess.com"]
[Date "2020.04.21"]
[Round "4"]
[White "wonderfultime"]
[Black "lilleper1"]
[Result "1-0"]
[WhiteElo "2907"]
[BlackElo "2725"]
[TimeControl "180+1"]
[EndTime "10:39:55 PDT"]
[Termination "wonderfultime won by resignation"]

1. d4 Nf6 2. Nf3 d5 3. Bf4 e6 4. e3 Bd6 5. Bg3 O-O 6. c4 c5 7. Nc3 cxd4 8. Nxd4 Bxg3 9. hxg3 dxc4 10. Bxc4 e5 11. Ndb5 Qe7 12. Qd6 Qxd6 13. Nxd6 Nc6 14. Rd1 Ne8 15. Nce4 Nxd6 16. Nxd6 Rb8 17. b4 Be6 18.
Bxe6 fxe6 19. b5 Nb4 20. Rd2 Rfd8 21. Rh4 a5 22. a3 Nd5 23. Nc4 Nc3 24. b6 Rbc8 25.
Nxe5 Rxd2 26. Kxd2 Nb1+ 27. Ke2 Nxa3 28. Ra4 Rc5 29. Nd3 Rc3 30. Rxa5 Nc4 31. Rc5 Rc2+ 32. Ke1 Rc3 33. Rc8+ Kf7 34. Ne5+ Kf6 35. Nxc4 1-0

[Event "*** Titled Tuesday Blitz"]
[Site "Chess.com"]
[Date "2020.04.21"]
[Round "4"]
[White "dalmatinac101"]
[Black "vladimirdamjanovic"]
[Result "1/2-1/2"]
[WhiteElo "2802"]
[BlackElo "2635"]
[TimeControl "180+1"]
[EndTime "10:39:55 PDT"]
[Termination "Game drawn by repetition"]

1. e4 c6 2. d4 d5 3. Nc3 dxe4 4.
Nxe4 Nf6 5. Nxf6+ exf6 6. c3 Bd6 7. Bd3 Na6 8. Qc2 Nc7 9. Ne2 Nd5 10. a3 h6 11. c4 Ne7 12. O-O O-O 13. Bf4 Qc7 14.
Bxd6 Qxd6 15. Rfe1 Bg4 16. Qc3 Rfd8 17. Bc2 Bf5 18.
Rad1 b5 19. Bxf5 Nxf5 20. c5 Qc7 21. d5 Rxd5 22. Rxd5 cxd5 23. Nd4 Nxd4 24. Qxd4 Qc6 25. b4 a5 26. h3 axb4 27. axb4 g6 28. g3 Kg7 29. h4 h5 30. Kg2 Rc8 31. Re3 Ra8 32. Re7 Ra2 33. Re3 Rc2 34. Rc3 Rb2 35. Ra3 Rc2 36. Rc3 Rb2 37. Rd3 Rc2 38. Rc3 1/2-1/2

[Event "*** Titled Tuesday Blitz"]
[Site "Chess.com"]
[Date "2020.04.21"]
[Round "4"]
[White "Caracternin123"]
[Black "pheonixking2000"]
[Result "0-1"]
[WhiteElo "2633"]
[BlackElo "2818"]
[TimeControl "180+1"]
[EndTime "10:39:56 PDT"]
[Termination "pheonixking2000 won by checkmate"]

1. d4 Nf6 2. Nf3 d5 3. Bg5 Ne4 4. Bh4 c5 5. e3 Nc6 6. Nbd2 Bf5 7. Nxe4 dxe4 8. Ne5 Nxe5 9. dxe5 Qxd1+ 10. Rxd1 a6 11. Bc4 e6 12. a4 h6 13. h3 g5 14. Bg3 Be7 15. O-O Rd8 16. Bb3 h5 17.
a5 h4 18. Bh2 Kf8 19. Bc4 Kg7 20. c3 g4 21. hxg4 Bxg4 22. f3 Rxd1 23. Rxd1 exf3 24. Rd7 Bg5 25. gxf3 Bxe3+ 26. Kf1 Bf5 27. Ke2 Bc1 28.
Rxb7 Rd8 29. Ke1 h3 30. Bxa6 Rd2 31. Be2 Bd3 32. Bxd3 Rxh2 33. Be4 Bf4 34. a6 Rd2 35. a7 h2 36. Rxf7+ Kxf7 37. Bg6+ Kxg6 38. a8=Q h1=Q# 0-1

[Event "*** Titled Tuesday Blitz"]
[Site "Chess.com"]
[Date "2020.04.21"]
[Round "4"]
[White "Taron_Shagbazyan"]
[Black "chess4life23"]
[Result "1-0"]
[WhiteElo "2632"]
[BlackElo "2423"]
[TimeControl "180+1"]
[EndTime "10:39:56 PDT"]
[Termination "Taron_Shagbazyan won by resignation"]

1. d4 Nf6 2. c4 e6 3. Nc3 d5 4.
Bg5 Be7 5. cxd5 exd5 6. e4 Nxe4 7. Bxe7 Kxe7 8. Bd3 Re8 9. Bxe4 dxe4 10. Qh5 h6 11. Nge2 Kf8 12. O-O Nd7 13. Ng3 Nf6 14. Qc5+ Kg8 15.
Rfe1 b6 16. Qc6 Bd7 17. Qc4 b5 18. Qc5 a6 19. Ncxe4 Nxe4 20. Nxe4 Be6 21. a3 Qd7 22. Rac1 Rad8 23. Qxc7 Qxd4 24. Nc3 Rc8 25. Qg3 Qb6 26.
Ne4 Kh8 27. Rcd1 Qc6 28. Nd6 Bb3 29. Qxb3 Rxe1+ 30. Rxe1 Qxd6 31. Qxf7 Qd2 32. Qe6 Qxb2 33. Qxc8+ Kh7 34. Qf5+ 1-0

[Event "*** Titled Tuesday Blitz"]
[Site "Chess.com"]
[Date "2020.04.21"]
[Round "4"]
[White "Mischuk_D"]
[Black "GMNeiksans"]
[Result "1-0"]
[WhiteElo "2689"]
[BlackElo "2867"]
[TimeControl "180+1"]
[EndTime "10:39:57 PDT"]
[Termination "Mischuk_D won by resignation"]

1. e4 c5 2. Nf3 e6 3. d4 cxd4 4. Nxd4 Nc6 5. Nc3 Qc7 6. Qd3 a6 7. Nxc6 bxc6 8. Qg3 Qxg3 9. hxg3 Nf6 10. Bd3 h6 11. f3 d5 12. Bd2 Bb7 13. O-O-O O-O-O 14. g4 Bd6 15. Rde1 Nd7 16. Na4 Kb8 17. Ba5 Rc8 18.
Nb6 Nxb6 19. Bxb6 c5 20. exd5 Bxd5 21. c4 Bc6 22. Ba5 Rhe8 23. Kc2 f6 24. b3 Be5 25. Re2 Bd4 26. Rhe1 e5 27. Bf5 Rc7 28. Bxc7+ Kxc7 29. Be4 Bd7 30. Bd5 Rb8 31. Rh1 a5 32. a4 Kd6 33.
Be4 Be6 34. Bf5 Bf7 35. g3 Rb4 36. f4 Be8 37. fxe5+ fxe5 38. Rf1 Bc6 39. Be4 Bd7 40. Rf7 Bxg4 41. Rd2 g5 42. Rf6+ Ke7 43. Rxh6 Rb8 44. Rdh2 Rf8 45. Rh7+ Kd6 46. R2h6+ Be6 47. Bd5 Re8 48.
Ra7 e4 49. Ra6+ 1-0

[Event "*** Titled Tuesday Blitz"]
[Site "Chess.com"]
[Date "2020.04.21"]
[Round "4"]
[White "Shoytan"]
[Black "BlueWizzard"]
[Result "0-1"]
[WhiteElo "2543"]
[BlackElo "2757"]
[TimeControl "180+1"]
[EndTime "10:39:57 PDT"]
[Termination "BlueWizzard won on time"]

1. e4 c6 2. d4 g6 3. Nc3 Bg7 4. h3 d5 5. Nf3 dxe4 6. Nxe4 Nf6 7. Bd3 Bf5 8. Nxf6+ Bxf6 9. Bxf5 Qa5+ 10. Bd2 Qxf5 11. O-O h5 12. Re1 Nd7 13. Bb4 g5 14. Qe2 e6 15.
Nd2 Be7 16. Bxe7 Kxe7 17. Nc4 g4 18. h4 Qf6 19. Qe3 Qxh4 20. Qa3+ Kd8 21. Nd6 Kc7 22. Nxf7 Raf8 23. Qd6+ Kc8 24. Qxe6 g3 25. fxg3 Qxd4+ 26. Kh1 Rh7 27. Rad1 Qg4 28. Nd6+ Kc7 29. Qe4 Rg7 0-1

[Event "*** Titled Tuesday Blitz"]
[Site "Chess.com"]
[Date "2020.04.21"]
[Round "4"]
[White "crywolf1986"]
[Black "SanchezKelvin"]
[Result "1-0"]
[WhiteElo "2586"]
[BlackElo "2400"]
[TimeControl "180+1"]
[EndTime "10:39:57 PDT"]
[Termination "crywolf1986 won by resignation"]

1. d4 Nf6 2. Nf3 d5 3. c4 c6 4. e3 Bg4 5. Nbd2 e6 6. Bd3 Nbd7 7. O-O Bd6 8. h3 Bxf3 9. Nxf3 O-O 10. Qc2 Qe7 11.
b3 e5 12. dxe5 Nxe5 13. Bb2 Nxf3+ 14. gxf3 dxc4 15. Bxc4 Rad8 16. Kg2 Nd7 17. f4 Qh4 18. Qf5 Qh6 19. Rg1 Qg6+ 20. Qxg6 hxg6 21. Kf3 Kh7 22. Rg4 Nb6 23. h4 Nxc4 24. bxc4 Be7 25. h5 Bf6 26. Bxf6 gxf6 27. hxg6+ fxg6 28. Rh1+ Kg7 29. Rhg1 g5 30.
fxg5 f5 31. Rh4 Rh8 32. Rgh1 Rxh4 33. Rxh4 Rd2 34. Rd4 Rb2 35. Kg3 Kg6 36. f4 a5 37.
Rd6+ Kg7 38. Rf6 Rxa2 39. Rxf5 a4 40. Ra5 b5 41. cxb5 cxb5 42. Rxb5 a3 43. Ra5 Ra1 44.
Kg2 a2 45. e4 Kf7 46. Ra6 Ke7 47. f5 Re1 48. Rxa2 Rxe4 49. Kf3 Rh4 50. Ra7+ Kd6 51. g6 Ke5 52. g7 1-0

[Event "*** Titled Tuesday Blitz"]
[Site "Chess.com"]
[Date "2020.04.21"]
[Round "4"]
[White "7Madman"]
[Black "Echecmat"]
[Result "1-0"]
[WhiteElo "2599"]
[BlackElo "2162"]
[TimeControl "180+1"]
[EndTime "10:39:59 PDT"]
[Termination "7Madman won on time"]

1. e4 e5 2. Nf3 Nc6 3. Bb5 a6 4. Ba4 Nf6 5. O-O b5 6. Bb3 Be7 7. Re1 d6 8. c3 O-O 9. h3 Nb8 10. d4 Nbd7 11. c4 Bb7 12. Nc3 c6 13. Bg5 h6 14.
Bh4 Qc7 15. Rc1 Qb8 16. Bg3 Re8 17. c5 a5 18. cxd6 Bxd6 19. a3 b4 20. axb4 axb4 21. Na4 exd4 22. Qxd4 Bxg3 23. fxg3 Qxg3 24. e5 Nd5 25.
Bxd5 cxd5 26. Rc7 Rxa4 27. Rxb7 Nxe5 28. Kf1 Rea8 29. Qxe5 Qg6 30. Qxd5 R8a5 31. Rb8+ Kh7 32. Qe4 Ra1 33. Qxg6+ Kxg6 34. Rxb4 Rxe1+ 35. Kxe1 Ra2 36. g4 h5 37. Kf2 hxg4 38. hxg4 Ra1 39. Kg3 Rb1 40.
Rb6+ f6 41. b4 Rb2 42. b5 Rb3 43. Rb7 Rb4 44. Nh4+ Kh7 45. Nf5 Rb3+ 46. Kh4 1-0

[Event "*** Titled Tuesday Blitz"]
[Site "Chess.com"]
[Date "2020.04.21"]
[Round "4"]
[White "Richarzard69"]
[Black "Muguet7"]
[Result "0-1"]
[WhiteElo "2253"]
[BlackElo "2519"]
[TimeControl "180+1"]
[EndTime "10:39:59 PDT"]
[Termination "Muguet7 won on time"]

1. Nf3 Nf6 2. c4 e6 3. d4 b6 4. a3 Ba6 5. Qc2 Bb7 6. Nc3 d5 7. cxd5 exd5 8. Bg5 Be7 9. e3 O-O 10. Bd3 g6 11. h4 Ne4 12. Nxe4 dxe4 13. Bxe4 c6 14. Bh6 Re8 15. h5 Qd6 16. hxg6 hxg6 17.
Ne5 Nd7 18. Bf4 Qe6 19. Nxd7 Qxd7 20. Bxg6 Bf6 21. Bf5 Qxd4 22. Bh7+ Kf8 23. Bh6+ Bg7 24. Rd1 Qe5 25. Bxg7+ Qxg7 26. Rd7 Bc8 27. Rc7 Be6 28. Qxc6 Qxb2 29. Qd6+ Kg7 30. Qf4 Qa1+ 31. Ke2 Qxh1 32. Qg5+ Kxh7 33. Rc4 Bxc4+ 0-1

[Event "*** Titled Tuesday Blitz"]
[Site "Chess.com"]
[Date "2020.04.21"]
[Round "4"]
[White "ftorodent"]
[Black "matiss90"]
[Result "1-0"]
[WhiteElo "2672"]
[BlackElo "2495"]
[TimeControl "180+1"]
[EndTime "10:40:00 PDT"]
[Termination "ftorodent won on time"]

1. d4 Nf6 2. c4 g6 3. Nc3 Bg7 4. e4 O-O 5. Nf3 d6 6. Be2 Na6 7. O-O e5 8. Be3 Ng4 9. Bg5 Qe8 10.
dxe5 dxe5 11. h3 h6 12. Bd2 Nf6 13. a3 Nh5 14. Re1 Nf4 15. Bf1 c6 16. Bxf4 exf4 17. e5 Bf5 18. Ne4 Rd8 19. Nd6 Qd7 20. Qc1 g5 21. b4 Bg6 22. c5 Nb8 23. Bc4 Qc7 24.
Ra2 Kh8 25. Rae2 b6 26. e6 bxc5 27. bxc5 Rxd6 28. cxd6 Qxd6 29. Ne5 Bxe5 30. Rxe5 f3 31. exf7 Bxf7 32. Bxf7 Rxf7 33. Qc3 Kh7 34. Qc2+ Qg6 35. Qxg6+ Kxg6 36. Re7 fxg2 37. R1e6+ Kg7 38. Rxf7+ Kxf7 39. Rxh6 Nd7 40. Rxc6 Ne5 41. Rc7+ Kf6 42. Rxa7 1-0

[Event "*** Titled Tuesday Blitz"]
[Site "Chess.com"]
[Date "2020.04.21"]
[Round "4"]
[White "Akhayan"]
[Black "axvesik"]
[Result "0-1"]
[WhiteElo "2271"]
[BlackElo "2461"]
[TimeControl "180+1"]
[EndTime "10:40:00 PDT"]
[Termination "axvesik won by resignation"]

1. d4 Nf6 2. Nf3 e6 3. Bf4 c5 4.
c3 Be7 5. e3 O-O 6. Bd3 cxd4 7.
exd4 d6 8. Nbd2 b6 9. O-O Bb7 10. Qe2 Nbd7 11. h3 a6 12. Rfe1 Qc7 13. Ne4 Nxe4 14. Bxe4 Bxe4 15. Qxe4 Nf6 16. Qe2 b5 17. Bg5 h6 18. Bh4 Nd5 19. Bxe7 Qxe7 20. Qe4 Qf6 21. a4 Rab8 22. axb5 axb5 23. Ra6 Rfd8 24. Rea1 Nf4 25. Kh2 g5 26. Ra8 Kg7 27. Rxb8 Rxb8 28. Nd2 d5 29. Qf3 b4 30. g3 bxc3 31. bxc3 Rb2 32.
Rd1 Ng6 33. Qxf6+ Kxf6 34. Kg2 Rc2 35. c4 dxc4 36. Ne4+ Kg7 37. d5 exd5 38. Rxd5 Nf8 39.
Rc5 Ne6 40. Rc6 Nd4 41. Rc7 Nb5 42. Rc5 Na3 43. Rc7 Kg6 44. Nd6 f6 45. Ra7 Rd2 46.
Rxa3 Rxd6 47. Rc3 Rc6 48. g4 f5 49. Kf3 Kf6 50. Ke3 Ke5 51. f3 f4+ 52. Kf2 Kd4 53.
Rc1 c3 54. Rc2 Kd3 0-1

[Event "*** Titled Tuesday Blitz"]
[Site "Chess.com"]
[Date "2020.04.21"]
[Round "4"]
[White "serhanberat_ozdemir"]
[Black "gmelviro"]
[Result "1-0"]
[WhiteElo "2408"]
[BlackElo "2129"]
[TimeControl "180+1"]
[EndTime "10:40:00 PDT"]
[Termination "serhanberat_ozdemir won on time"]

1. e4 e5 2. Nf3 Nc6 3. d4 exd4 4.
Bc4 Nf6 5. e5 d5 6. Bb5 Ne4 7.
Nxd4 Bd7 8. Bxc6 bxc6 9. O-O c5 10. Ne2 c6 11. f3 Ng5 12. f4 Ne4 13. Nbc3 Nxc3 14. bxc3 g6 15. Qe1 Be7 16. Qg3 h5 17. Ba3 Bg4 18. Qf2 Qa5 19. Bc1 h4 20. Bd2 Qb5 21.
Rfe1 h3 22. g3 Qc4 23. Rab1 Bd8 24. Rb7 Bb6 25. f5 Bxf5 26. e6 Bxe6 27. Qf6 O-O 28. Bh6 1-0

[Event "*** Titled Tuesday Blitz"]
[Site "Chess.com"]
[Date "2020.04.21"]
[Round "4"]
[White "Kaponov"]
[Black "AnonymusDonkey"]
[Result "0-1"]
[WhiteElo "2122"]
[BlackElo "2397"]
[TimeControl "180+1"]
[EndTime "10:40:00 PDT"]
[Termination "AnonymusDonkey won by checkmate"]

1. d4 Nf6 2. c4 c5 3. d5 b5 4.
cxb5 a6 5. bxa6 g6 6. Nc3 Bg7 7. e4 O-O 8. Nf3 Qa5 9. Bd2 Bxa6 10. Qc2 e6 11. dxe6 fxe6 12. Be2 Bxe2 13. Nxe2 Qa6 14. Bc3 d5 15. O-O d4 16. Nexd4 cxd4 17. Bxd4 Nc6 18.
Bc3 Qc4 19. Nd2 Qc5 20. Qb3 Kh8 21. h3 Nd4 22. Qd1 Rad8 23. Nb3 Nxb3 24. Qxb3 Nxe4 25.
Bxg7+ Kxg7 26. Qxe6 Rxf2 27. Rxf2 Qxf2+ 28. Kh2 Qf4+ 29. Kg1 Rd2 30. Rf1 Qe3+ 31. Kh2 Qg3+ 32. Kh1 Qxg2# 0-1

[Event "*** Titled Tuesday Blitz"]
[Site "Chess.com"]
[Date "2020.04.21"]
[Round "4"]
[White "HaryKane"]
[Black "TigrVShlyape"]
[Result "1-0"]
[WhiteElo "2680"]
[BlackElo "2853"]
[TimeControl "180+1"]
[EndTime "10:40:02 PDT"]
[Termination "HaryKane won on time"]

1. e4 c5 2. Nf3 e6 3. d4 cxd4 4.
Nxd4 a6 5. Nc3 b5 6. Bd3 Qb6 7. Nb3 Qc7 8. Qe2 Nc6 9. Bd2 Ne5 10. f4 Nc4 11. Nd1 Nxd2 12. Qxd2 Nf6 13. O-O Bb7 14. Qe2 g6 15. c3 Bg7 16. Nd4 O-O 17.
e5 Nd5 18. Ne3 d6 19. Nxd5 Bxd5 20. Rae1 Rfe8 21. a3 Rac8 22. h3 Bb7 23. Be4 Bxe4 24. Qxe4 Qb6 25. Kh1 Rc5 26. exd6 Qxd6 27. f5 Re5 28.
fxg6 hxg6 29. Qf4 Re7 30. Nc6 Qxc6 31. Rxe5 Bxe5 32. Qxe5 Qc7 33. Qf6 e5 34. Re1 Re6 35. Qh4 Kg7 36. Qe4 Qd6 37. Re3 Qd2 38. Re2 Qd6 39. Re3 1-0

[Event "*** Titled Tuesday Blitz"]
[Site "Chess.com"]
[Date "2020.04.21"]
[Round "4"]
[White "ajdemipopushi"]
[Black "Darhild"]
[Result "0-1"]
[WhiteElo "2351"]
[BlackElo "2589"]
[TimeControl "180+1"]
[EndTime "10:40:02 PDT"]
[Termination "Darhild won on time"]

1. Nf3 c5 2. g3 Nc6 3. Bg2 g6 4. c4 Bg7 5. O-O e5 6. Nc3 d6 7.
Ne1 Be6 8. d3 Nge7 9. Nd5 O-O 10.
Nc2 Rb8 11. Bg5 f6 12. Bd2 a6 13. b3 b5 14. a3 Nd4 15. Nce3 bxc4 16. bxc4 Rb2 17.
Rb1 Rxb1 18. Qxb1 Nxe2+ 19. Kh1 Nf5 20. Qb7 Bc8 21. Qa7 Ned4 22. Rb1 Kh8 23. Rb8 Nc6 24. Qa8 Nxb8 25. Qxb8 Nd4 26. h4 Bf5 27. Qa7 Bxd3 28.
Qxa6 h5 29. Kh2 Qd7 30. a4 f5 31. a5 f4 32. Nd1 Qf7 0-1

[Event "*** Titled Tuesday Blitz"]
[Site "Chess.com"]
[Date "2020.04.21"]
[Round "4"]
[White "grandcoach"]
[Black "SmirnovAlexandrA"]
[Result "0-1"]
[WhiteElo "1948"]
[BlackElo "2384"]
[TimeControl "180+1"]
[EndTime "10:40:02 PDT"]
[Termination "SmirnovAlexandrA won on time"]

1. e4 c5 2. b4 cxb4 3. a3 e6 4. axb4 d5 5. e5 Bxb4 6. c3 Be7 7. d4 h5 8. Bd3 Nd7 9. Na3 a6 10. Nb5 Nb6 11. Nd6+ Bxd6 12. exd6 Qxd6 13. Ba3 Qc7 14. Nf3 Qxc3+ 15. Kf1 Nc4 16. Bc5 Nd2+ 17. Nxd2 Qxd3+ 18. Kg1 Nf6 19. h4 Bd7 20. Rh3 Qf5 21. Rf3 Qg4 22.
Qb3 Bc6 23. Qb6 Rc8 24. Ba3 Nd7 25. Qb4 Qxh4 26. Nf1 f5 27. Re1 Qf6 28. Ng3 Kf7 29. Qd6 Rhe8 30. Nxh5 Qh6 31. Nf4 Nf8 32. Nxe6 Nxe6 33.
Rxf5+ Kg8 34. Rfe5 Nf8 35. Qxh6 gxh6 0-1

[Event "*** Titled Tuesday Blitz"]
[Site "Chess.com"]
[Date "2020.04.21"]
[Round "4"]
[White "canary2016"]
[Black "Saloni1299"]
[Result "0-1"]
[WhiteElo "1848"]
[BlackElo "2300"]
[TimeControl "180+1"]
[EndTime "10:40:02 PDT"]
[Termination "Saloni1299 won by resignation"]

1. Nf3 d5 2. c4 c6 3. d4 Nf6 4. g3 g6 5. Bg2 Bg7 6. O-O O-O 7. Nbd2 Ne4 8. b3 Nc3 9. Qe1 c5 10. Bb2 cxd4 11. Nxd4 Bxd4 12. Nf3 Nxe2+ 13. Qxe2 Bxb2 14. Qxb2 dxc4 15. bxc4 Nc6 16. Rad1 Qc7 17. Rfe1 Be6 18. Nd4 Nxd4 19. Rxd4 Rab8 20. Rc1 b6 21. Qe2 Rbd8 22. Rcd1 Rxd4 23. Rxd4 Rd8 24. Rxd8+ Qxd8 25. Qe4 Qd1+ 26. Bf1 Bh3 27. Qd3 Qxf1+ 28. Qxf1 Bxf1 29. Kxf1 e5 30. Ke2 Kf8 31. Ke3 f5 32. Kd3 Ke7 33. f3 Kd6 34. Kc3 Kc5 35. a3 h5 36.
h3 e4 37. fxe4 fxe4 38. h4 a6 39. a4 a5 40. Kd2 Kxc4 41. Ke3 Kd5 42. Kf4 Kd4 43. Kg5 e3 44. Kxg6 e2 45. Kxh5 e1=Q 46. Kg4 Qe7 47. h5 Ke5 48. h6 Qh7 49. Kh5 Qf5+ 50.
Kh4 Qg6 51. g4 Qxh6+ 52. Kg3 Ke4 53. Kg2 Qf4 54. Kg1 Qd2 55. Kh1 Kf3 0-1

[Event "*** Titled Tuesday Blitz"]
[Site "Chess.com"]
[Date "2020.04.21"]
[Round "4"]
[White "dragos420"]
[Black "DinaBelenkaya"]
[Result "1-0"]
[WhiteElo "2508"]
[BlackElo "2221"]
[TimeControl "180+1"]
[EndTime "10:40:03 PDT"]
[Termination "dragos420 won by checkmate"]

1. e4 d5 2. exd5 Qxd5 3. Nc3 Qa5 4. Nf3 c6 5. Be2 Nf6 6. O-O Bg4 7. a3 e6 8. b4 Qc7 9. Bb2 Bd6 10. h3 Bh5 11. d3 O-O 12. Nd2 Bxe2 13. Qxe2 Nbd7 14. Nc4 Bf4 15.
Ne4 Nxe4 16. Qxe4 Rad8 17. Rae1 c5 18. b5 Rfe8 19. a4 Nf6 20. Bxf6 gxf6 21. g3 Rd4 22. Qe2 Bh6 23. Qh5 Bg7 24. f4 Kh8 25. Qf3 Rg8 26.
Kh1 Bf8 27. g4 Be7 28. f5 e5 29. Re4 Bf8 30. Ne3 Bh6 31. Rxd4 cxd4 32. Nc4 Bf4 33. Qe4 h5 34. Qf3 Qc8 35. Rg1 b6 36. gxh5 Rxg1+ 37. Kxg1 Qxf5 38. Qg4 Qh7 39. Nd6 f5 40. Nxf5 Qg8 41. Kg2 Qe8 42. Qg7# 1-0

[Event "*** Titled Tuesday Blitz"]
[Site "Chess.com"]
[Date "2020.04.21"]
[Round "4"]
[White "BrizuelaReivis"]
[Black "WiktoriaPOL"]
[Result "1-0"]
[WhiteElo "2266"]
[BlackElo "2051"]
[TimeControl "180+1"]
[EndTime "10:40:03 PDT"]
[Termination "BrizuelaReivis won on time"]

1. d4 Nf6 2. c4 g6 3. Nc3 Bg7 4. e4 d6 5. Nf3 O-O 6. Be2 e5 7.
O-O Nc6 8. d5 Ne7 9. Ne1 Ne8 10.
Be3 f5 11. f3 Nf6 12. Rc1 f4 13. Bf2 g5 14. c5 Ng6 15. cxd6 cxd6 16. Nb5 Rf7 17.
Nxa7 Bd7 18. Qb3 g4 19. Bb6 Qe7 20. Nb5 gxf3 21. gxf3 Ne8 22. Nc7 Rc8 23. Nd3 Nxc7 24.
Rxc7 Rxc7 25. Bxc7 Bh3 26. Rc1 Qg5+ 27. Kf2 Qg2+ 28. Ke1 Qg1+ 29. Kd2 Qe3+ 30. Kd1 Nh4 31. Ne1 Qd4+ 32. Nd3 Qg1+ 33. Ne1 Ng2 34. Qb4 Ne3+ 35. Kd2 Nf1+ 36. Kd1 Ne3+ 37. Kd2 Qxh2 38. Bxd6 Bf1 39. Qb5 Bxe2 40. Qxe2 Qg3 41. Rc8+ Bf8 42. Bxe5 1-0

[Event "*** Titled Tuesday Blitz"]
[Site "Chess.com"]
[Date "2020.04.21"]
[Round "4"]
[White "aNaartjieZA"]
[Black "Paralinch"]
[Result "1/2-1/2"]
[WhiteElo "2598"]
[BlackElo "2946"]
[TimeControl "180+1"]
[EndTime "10:40:04 PDT"]
[Termination "Game drawn by repetition"]

1. e4 c5 2. Nf3 e6 3. d3 d5 4. Nbd2 Nc6 5. g3 Nf6 6. Bg2 Be7 7. O-O O-O 8. Re1 b5 9. e5 Nd7 10. Nf1 Qc7 11. Bf4 a5 12. h4 Bb7 13.
N1h2 Rfc8 14. Ng5 h6 15. Ngf3 Qd8 16. Qd2 Bf8 17. Ng4 Ne7 18. Bxh6 gxh6 19. Nxh6+ Bxh6 20. Qxh6 Nf5 21. Qh5 Ng7 22. Qh6 Nf5 23. Qh5 Qf8 24.
g4 Nd4 25. Ng5 Qg7 26. Rac1 Nc6 27. f4 Ne7 28. f5 exf5 29. e6 fxe6 30. Rxe6 Nf6 31.
Rxf6 Qxf6 32. Qh7+ Kf8 33. gxf5 Ke8 34. Re1 Kd7 35. Re6 Qd4+ 36. Kh1 Re8 37. f6 Rad8 38. Rxe7+ Rxe7 39. Qxe7+ Kc6 40. Qxd8 Qxh4+ 41. Nh3 Qe1+ 42. Ng1 Qh4+ 43. Bh3 d4 44. Kg2 b4 45. Kf1 Qf4+ 46.
Ke1 Qg3+ 47. Kf1 Qf4+ 48. Ke1 Qg3+ 49. Kf1 Qf4+ 1/2-1/2

[Event "*** Titled Tuesday Blitz"]
[Site "Chess.com"]
[Date "2020.04.21"]
[Round "4"]
[White "Caterpiller35"]
[Black "DonBroca"]
[Result "1-0"]
[WhiteElo "2402"]
[BlackElo "2109"]
[TimeControl "180+1"]
[EndTime "10:40:05 PDT"]
[Termination "Caterpiller35 won by resignation"]

1. d4 Nf6 2. Bg5 c5 3. Bxf6 gxf6 4. d5 Qb6 5. Qc1 h5 6. c4 e6 7. Nc3 Bh6 8. e3 exd5 9. Nxd5 Qa5+ 10. Qc3 Qxc3+ 11.
Nxc3 d6 12. Nd5 Na6 13. Nxf6+ Kd8 14. Nd5 Be6 15. O-O-O Bxd5 16. Rxd5 Ke7 17. a3 Nc7 18. Rd2 Rab8 19. Ne2 b5 20. cxb5 Nxb5 21. g3 Rb6 22. Nf4 Nc7 23. Bc4 Bg7 24. b3 a5 25. a4 h4 26. Rhd1 hxg3 27. hxg3 Rh2 28. Kc2 Be5 29. f3 Rh6 30. g4 Rb8 31. g5 Rh4 32. g6 Bxf4 33.
exf4 Rd8 34. Bxf7 Rxf4 35. Bc4 Kf6 36. Rxd6+ Rxd6 37. Rxd6+ Ke5 38. g7 Kxd6 39. g8=Q 1-0

[Event "*** Titled Tuesday Blitz"]
[Site "Chess.com"]
[Date "2020.04.21"]
[Round "4"]
[White "flomarechot"]
[Black "steepedgames"]
[Result "1/2-1/2"]
[WhiteElo "2109"]
[BlackElo "2329"]
[TimeControl "180+1"]
[EndTime "10:40:05 PDT"]
[Termination "Game drawn by repetition"]

1. d4 d6 2. Nf3 f5 3. g3 Nf6 4.
Bg2 g6 5. O-O Bg7 6. c4 O-O 7. Nc3 Nc6 8. d5 Na5 9. Qd3 c5 10. Bg5 a6 11. a4 Rb8 12. Nd2 Bd7 13. e4 h6 14. Bxf6 exf6 15. f4 fxe4 16. Ndxe4 Bf5 17.
Rfe1 Nb3 18. Rad1 Nd4 19. Ne2 Bxe4 20. Bxe4 f5 21. Bg2 Qa5 22. Nxd4 Bxd4+ 23. Kh1 Qxa4 24. b3 Qd7 25. Re6 Rf6 26. Rde1 Kf7 27. Qe2 Kg8 28. Re7 Qd8 29. h4 h5 30. Bf3 Rf7 31. Qe6 Qxe7 32. Qxe7 Rxe7 33. Rxe7 b5 34. Be2 bxc4 35. Bxc4 Rb6 36.
Kg2 Bf6 37. Ra7 Kf8 38. Kf3 Be7 39. Ke2 Bf6 40. Kd3 Be7 41. Ke2 Bf6 42. Kf3 Be7 43.
Rc7 Bd8 44. Ra7 Be7 1/2-1/2

[Event "*** Titled Tuesday Blitz"]
[Site "Chess.com"]
[Date "2020.04.21"]
[Round "4"]
[White "Vuk2000"]
[Black "dennisodessa"]
[Result "1-0"]
[WhiteElo "2606"]
[BlackElo "2300"]
[TimeControl "180+1"]
[EndTime "10:40:06 PDT"]
[Termination "Vuk2000 won on time"]

1. e4 e6 2. d4 d5 3. Nc3 Nc6 4. Nf3 Nf6 5. Bg5 Be7 6. Bxf6 Bxf6 7. Bb5 a6 8. Bxc6+ bxc6 9. O-O O-O 10. Re1 Bb7 11. Qd3 c5 12. exd5 cxd4 13. Nxd4 exd5 14. Nb3 Qd6 15. Rad1 Rad8 16. Re2 Rfe8 17. Red2 Qf4 18. Qg3 Qxg3 19. hxg3 c6 20. Nc5 Bc8 21. N3a4 Be7 22. c3 Rd6 23. Re1 Kf8 24. Rde2 Rdd8 25. Nd3 Bf6 26.
Nb4 Rxe2 27. Rxe2 Rd6 28. Nc5 a5 29. Nbd3 Bd8 30. b4 axb4 31. cxb4 Bb6 32. a4 d4 33. a5 Bxc5 34. Nxc5 d3 35. Rd2 1-0

[Event "*** Titled Tuesday Blitz"]
[Site "Chess.com"]
[Date "2020.04.21"]
[Round "4"]
[White "yoolund"]
[Black "Bajecny"]
[Result "1/2-1/2"]
[WhiteElo "2550"]
[BlackElo "2372"]
[TimeControl "180+1"]
[EndTime "10:40:06 PDT"]
[Termination "Game drawn - insufficient material"]

1. d4 d5 2. Bf4 c5 3. e3 Nc6 4. c3 Qb6 5. Qb3 c4 6. Qc2 e5 7. dxe5 Bf5 8. Qc1 g5 9. Bg3 h5 10. h3 Bg7 11. Nf3 g4 12. hxg4 hxg4 13. Rxh8 Bxh8 14.
Nd4 Bxb1 15. Qxb1 Bxe5 16. Bxe5 Nxe5 17. Qf5 Qf6 18. O-O-O Qxf5 19. Nxf5 O-O-O 20. Be2 Nf6 21.
Rd4 Kc7 22. Ne7 Kd6 23. Nf5+ Kc5 24. b4+ cxb3 25. axb3 Ne4 26. b4+ Kb6 27. c4 Nxf2 28. Rxd5 Rxd5 29. cxd5 Nfd3+ 30. Kd2 Nxb4 31. Kc3 Kc5 32.
e4 a5 33. Ne3 a4 34. Nxg4 Nxg4 35. Bxg4 a3 36. Kb3 a2 37. Kb2 Kd6 38. Bd1 Ke5 39. Bb3 Kxe4 40. d6 f5 41. Ba4 Nd3+ 42. Kxa2 Nc5 43. d7 Ne6 44. Kb2 Ke5 45. Bc2 Kd6 46.
Bxf5 Kxd7 47. g4 Ke7 48. Bxe6 Kxe6 49. Kb3 Kf6 50. Kb4 Kg5 51. Kb5 Kxg4 52. Kb6 Kf4 53. Kxb7 1/2-1/2

[Event "*** Titled Tuesday Blitz"]
[Site "Chess.com"]
[Date "2020.04.21"]
[Round "4"]
[White "Oligan22"]
[Black "Leonid_Starozhilov"]
[Result "0-1"]
[WhiteElo "2427"]
[BlackElo "2633"]
[TimeControl "180+1"]
[EndTime "10:40:07 PDT"]
[Termination "Leonid_Starozhilov won by resignation"]

1. e4 d6 2. d4 Nf6 3. Nc3 e5 4. Nf3 Nbd7 5. Bc4 Be7 6. a4 a5 7.
Ng5 d5 8. Nxd5 Nxd5 9. Nxf7 Kxf7 10. Bxd5+ Ke8 11. Qh5+ g6 12. Qh6 Nf6 13. Qg7 Rf8 14.
Bb3 Qxd4 15. O-O Bg4 16. Bg5 Qd6 17. f3 Be6 18. Rad1 Qb6+ 19. Kh1 Bxb3 20. cxb3 Qe6 21. Qh6 Ng8 22. Qh4 Bxg5 23. Qxg5 Nf6 24. Qd2 Kf7 25. Rc1 c6 26. Qg5 Kg7 27. Rc5 Rae8 28. Rd1 Re7 29. Rxa5 Rfe8 30. Rc5 Nh5 31. b4 Qf6 32. Qd2 Nf4 33.
g3 Ne6 34. Rc4 Qxf3+ 35. Kg1 Rd8 36. Qxd8 Nxd8 37. Rxd8 Qe3+ 38. Kg2 Qe2+ 0-1